 Dungeon Crawl Stone Soup version 0.29.0-4-gdea44cf6ec (webtiles) character file.

Game seed: 8617065363848533015

34041 qw the Cleaver (level 13, -5/84 HPs)
             Began as a Gargoyle Fighter on Sept 9, 2022.
             Was a High Priest of Okawaru.
             Slain by a dire elephant (25 damage)
             ... on level 5 of the Lair of Beasts.
             The game lasted 00:06:22 (15910 turns).

qw the Cleaver (Gargoyle Fighter)                  Turns: 15910, Time: 00:06:23

Health: -5/84      AC: 39    Str: 24    XL:     13   Next: 74%
Magic:  16/20      EV: 14    Int: 10    God:    Okawaru [*****.]
Gold:   866        SH:  6    Dex:  9    Spells: 12/12 levels left

rFire   + + .      SeeInvis .   Y - +7 war axe (protect)
rCold   + . .      Faith    .   c - +0 buckler
rNeg    + . .      Spirit   .   A - +3 chain mail {rF+}
rPois   inf        Reflect  .   p - +0 helmet
rElec   +          Harm     .   o - scarf {repulsion}
rCorr   .          Rampage  .   b - +2 pair of gloves
Will    .....                   w - +0 pair of boots
Stlth   ..........              k - amulet of the acrobat
HPRegen 0.24/turn               r - ring of protection from cold
MPRegen 0.17/turn               B - ring of Sophism {rF+ EV+4}

@: about to teleport, heroic, finesse-ful, under a protective aura, repel
missiles
A: sickness immunity, AC +9, negative energy resistance 1, electricity
resistance, torment resistance 1, petrification resistance
a: Renounce Religion, Heroism, Finesse, Duel


You were on level 5 of the Lair of Beasts.
You worshipped Okawaru.
Okawaru was extremely pleased with you.
You visited 2 branches of the dungeon, and saw 14 of its levels.

You collected 866 gold pieces.


Innate Abilities, Weirdness & Mutations

You are immune to sickness and miasma.
Your stone body is resilient. (AC +9)
You are immune to poison.
You resist negative energy. (rN+)
You are resistant to electric shocks. (rElec)
You are resistant to unholy torment.
You are immune to petrification.


   Skills:
 - Level 11.0(16.0) Fighting
 + Level 14.5(19.5) Axes
 - Level 4.1(9.1) Throwing
 - Level 9.0(14.0) Armour
 - Level 2.1(7.1) Dodging
 - Level 7.1(12.1) Shields
 - Level 10.0 Invocations


You had 12 spell levels left.
You didn't know any spells.
Your spell library was empty.

Inventory:

Hand Weapons
 y - a +5 flail
 Y - a +7 war axe of protection (weapon)
Missiles
 t - 6 boomerangs
 C - a javelin (quivered)
Armour
 b - a +2 pair of gloves (worn)
 c - a +0 buckler (worn)
 n - a +0 plate armour
 o - a scarf of repulsion (worn)
 p - a +0 helmet (worn)
 s - a +0 cloak
 w - a +0 pair of boots (worn)
 z - a +0 kite shield
 A - a +3 chain mail of fire resistance (worn)
Jewellery
 f - a ring of positive energy
 k - an amulet of the acrobat (around neck)
 m - a ring of protection from fire
 r - a ring of protection from cold (left hand)
 B - the ring of Sophism (right hand) {rF+ EV+4}
   (You acquired it on level 9 of the Dungeon)

   [ring of evasion]

   EV:        It affects your evasion (+4).
   rF:        It protects you from fire.
Scrolls
 a - a scroll of identify
 e - a scroll of teleportation
Potions
 d - 4 potions of might
 g - a potion of heal wounds
 h - a potion of resistance
 i - 7 potions of curing
 j - 4 potions of lignification
 l - 4 potions of mutation
 q - 3 potions of haste
 u - a potion of attraction
 v - a potion of magic {unknown}
 x - 2 potions of cancellation

Dungeon Overview and Level Annotations

Branches:
Dungeon (9/15)             Temple (0/1) D:4            Lair (5/5) D:9
 Shoals (0/4) Lair:3       Spider (0/4) Lair:3
  Slime: Lair:4-5       Orc: D:9-12

Altars:
Dithmenos
Elyvilon
Fedhas
Hepliaklqana
Okawaru
Ru
Trog
Uskayaw
Wu Jian
Yredelemnul
The Shining One

Shops:
D:9 (

Annotations:
D:4 2 transporters, qw's ghost, amateur GrBe
Lair:3 1 runed translucent door


Message History

You barely miss the dream sheep.
The dream sheep is almost dead.
You slice the cane toad!! You slash the dire elephant!
The dire elephant barely misses you.
The dire elephant completely misses you.
The dream sheep barely misses you.
You slice the dream sheep!!
You kill the dream sheep!
Okawaru accepts your kill.
You hit the cane toad. You hit the dire elephant.
The cane toad stings you but does no damage.
You catch the helpless cane toad completely off-guard!
You slice the cane toad!!
You kill the cane toad!
Okawaru accepts your kill.
You hit the dire elephant but do no damage.
You hit the dire elephant but do no damage.
The dire elephant is heavily wounded.
You block the dire elephant's attack.
The dire elephant trunk-slaps you but does no damage.
You slash the dire elephant!
The dire elephant is heavily wounded.
You slash the dream sheep! You slash the dream sheep!
You kill the dream sheep!
Okawaru accepts your kill.
You hit the dire elephant but do no damage.
You block the dire elephant's attack. The dire elephant trunk-slaps you!
You hit the dire elephant.
The dire elephant is heavily wounded.
You slash the dire elephant!
The dire elephant is severely wounded.
You slice the dire elephant!!
The dire elephant is almost dead.
The dire elephant tramples you!!
You stumble backwards!
15910 ||| READING 2 scrolls of teleportation.
As you read the scroll of teleportation, it crumbles to dust.
You feel strangely unstable. The dire elephant tramples you!!
You die...

##....#.....P#
#...........##
##...........#
#......#....##
##..#####P.###
#...# ####
#P..# .!#
#...# ..
##@.#.#.#
#.Y%...#
#.%%.#....
#.........
##....#...
###.P# ## ###


You could see a dire elephant.

Vanquished Creatures
  A fire dragon (Lair:5)
  2 hydras
  A catoblepas (Lair:5)
  2 death yaks (Lair:5)
  A swamp dragon (Lair:5)
  A lindwurm (Lair:5)
  A manticore (Lair:5)
  3 merfolk sirens (Lair:3)
  20 elephants
  Joseph (D:9)
  2 black mambas
  A torpor snail (Lair:3)
  12 cane toads
  Maggie (D:6)
  7 komodo dragons
  A rime drake (Lair:5)
  A merfolk (Lair:3)
  A troll (D:9)
  Prince Ribbit (D:5)
  8 blink frogs
  5 dream sheep
  A shadow (D:9)
  2 wyverns
  17 yaks
  5 basilisks
  Eustachio (D:6)
  5 steam dragons
  An acid dragon (Lair:5)
  8 water moccasins
  2 orc warriors
  A swamp drake (Lair:5)
  2 ice beasts
  4 black bears
  17 wolves
  An ogre (D:6)
  3 centaurs
  2 kobold brigands
  3 phantoms
  A necrophage (D:6)
  10 bullfrogs
  3 scorpions (D:6)
  7 wights
  9 killer bees (D:7)
  5 howler monkeys
  A jelly (D:8)
  3 hounds
  A gnoll bouda (D:9)
  4 orc priests
  11 iguanas
  5 orc wizards
  12 hell rats (Lair:1)
  4 gnolls (D:4)
  5 adders
  A white imp (D:6)
  2 ufetubi (D:5)
  16 orcs
  2 bats
  7 endoplasms
  7 giant cockroaches
  5 goblins
  11 hobgoblins
  4 jackals
  5 quokkas
  6 ball pythons
  A frilled lizard (D:3)
  14 kobolds
  7 rats
317 creatures vanquished.

Vanquished Creatures (others)
  A black mamba (Lair:5)
  An iguana (Lair:5)
  36 fungi
  57 plants
  2 toadstools (Lair:3)
97 creatures vanquished.

Grand Total: 414 creatures vanquished

Notes
Turn   | Place    | Note
-------+----------+-------------------------------------------
     0 | D:1      | qw the Gargoyle Fighter began the quest for the Orb.
     0 | D:1      | Reached XP level 1. HP: 14/14 MP: 1/1
     0 | D:1      | 0 ||| qw: Version: 0.1-a-113-g051387a
     0 | D:1      | 0 ||| qw: Game counter: 7176
     0 | D:1      | 0 ||| qw: Always use a shield: true
     0 | D:1      | 0 ||| qw: God list: Okawaru
     0 | D:1      | 0 ||| qw: Allow faded altars: false
     0 | D:1      | 0 ||| qw: Do Orc after D:15 true
     0 | D:1      | 0 ||| qw: Do second Lair branch before Depths: true
     0 | D:1      | 0 ||| qw: Lair rune preference: random
     0 | D:1      | 0 ||| qw: Plans: Normal, Zot, God:TSO, Crypt, Tomb, Zig,
                  | Orb
     0 | D:1      | 0 ||| PLANNING D:1-11
    53 | D:1      | Reached skill level 2 in Axes
   212 | D:1      | Reached XP level 2. HP: 18/19 MP: 2/2
   243 | D:1      | 243 ||| DROPPING +0 club.
   523 | D:1      | 523 ||| Stepping ~*~*~tactically~*~*~ (stealth).
   527 | D:1      | Reached skill level 3 in Axes
   529 | D:1      | Reached XP level 3. HP: 22/23 MP: 3/3
   958 | D:1      | 958 ||| UPGRADING to ring of protection from fire.
   959 | D:1      | 959 ||| READING 2 scrolls labelled SOXOUG SAAL.
  1524 | D:2      | 1524 ||| UPGRADING to +0 plate armour.
  1534 | D:2      | 1534 ||| DROPPING +0 scale mail.
  1535 | D:2      | 1535 ||| DROPPING amulet of magic regeneration.
  1536 | D:2      | 1536 ||| READING scroll labelled ETHUIM IQ AMAI.
  1537 | D:2      | 1537 ||| READING 2 scrolls labelled IKHIYH CIATZ.
  1538 | D:2      | 1538 ||| READING scroll of enchant weapon.
  1538 | D:2      | 1538 ||| ENCHANTING +1 war axe.
  1539 | D:2      | 1539 ||| READING scroll labelled BUDDOU KEUPS.
  1542 | D:2      | 1542 ||| READING scroll labelled MAEKEH ZAHYLIN.
  1543 | D:2      | 1543 ||| READING scroll labelled GICZYRO UTIONK.
  1544 | D:2      | 1544 ||| READING 3 scrolls of identify.
  1544 | D:2      | 1544 ||| IDENTIFYING yellow potion
  1545 | D:2      | 1545 ||| READING 2 scrolls of identify.
  1545 | D:2      | 1545 ||| IDENTIFYING green potion
  1546 | D:2      | 1546 ||| DROPPING potion of flight.
  1575 | D:3      | 1575 ||| Stepping ~*~*~tactically~*~*~ (hiding).
  1584 | D:3      | Reached XP level 4. HP: 27/28 MP: 4/4
  1588 | D:3      | Reached skill level 4 in Axes
  1651 | D:3      | 1651 ||| READING scroll of enchant weapon.
  1651 | D:3      | 1651 ||| ENCHANTING +2 war axe.
  1763 | D:3      | 1763 ||| Stepping ~*~*~tactically~*~*~ (stealth).
  1864 | D:3      | 1864 ||| Stepping ~*~*~tactically~*~*~ (stealth).
  1897 | D:3      | Found a faded altar of an unknown god.
  2086 | D:3      | 2086 ||| Stepping ~*~*~tactically~*~*~ (hiding).
  2424 | D:3      | 2424 ||| UPGRADING to +0 pair of gloves.
  2429 | D:3      | 2429 ||| READING 2 scrolls of identify.
  2429 | D:3      | 2429 ||| IDENTIFYING fuming blue potion
  2460 | D:4      | Found a transporter.
  2469 | D:4      | Noticed an ogre
  2469 | D:4      | Noticed qw's ghost (amateur GrBe)
  2470 | D:4      | Found a transporter.
  2519 | D:4      | Found an iron altar of Okawaru.
  2660 | D:4      | Became a worshipper of Warmaster Okawaru
  2847 | D:4      | 2847 ||| Stepping ~*~*~tactically~*~*~ (hiding).
  2857 | D:4      | Reached XP level 5. HP: 27/32 MP: 5/5
  2904 | D:4      | 2904 ||| Stepping ~*~*~tactically~*~*~ (hiding).
  2908 | D:4      | Found a hide-covered altar of Uskayaw.
  2922 | D:4      | 2922 ||| DROPPING +0 whip.
  2944 | D:4      | Found a staircase to the Ecumenical Temple.
  2972 | D:4      | 2972 ||| Stepping ~*~*~tactically~*~*~ (stealth).
  3062 | D:4      | 3062 ||| Stepping ~*~*~tactically~*~*~ (stealth).
  3070 | D:4      | Reached skill level 5 in Axes
  3404 | D:4      | 3404 ||| UPGRADING to amulet of the acrobat.
  3409 | D:4      | 3409 ||| DROPPING amulet of faith.
  3410 | D:4      | 3410 ||| DROPPING ring of wizardry.
  3411 | D:4      | 3411 ||| UPGRADING to ring of positive energy.
  3412 | D:4      | 3412 ||| UPGRADING to ring of protection from fire.
  3414 | D:4      | 3414 ||| DROPPING ring of flight.
  3441 | D:5      | Entered Level 5 of the Dungeon
  3442 | D:5      | 3442 ||| PLANNING SEWER
  3443 | D:5      | Noticed a centaur
  3444 | D:5      | 3444 ||| STAIRDANCE
  3540 | D:5      | 3540 ||| STAIRDANCE
  3630 | D:5      | 3630 ||| STAIRDANCE
  3724 | D:5      | Reached XP level 6. HP: 34/39 MP: 6/6
  3774 | D:5      | Noticed Prince Ribbit
  3777 | D:5      | 3777 ||| Stepping ~*~*~tactically~*~*~ (hiding).
  3779 | D:5      | 3779 ||| Stepping ~*~*~tactically~*~*~ (hiding).
  3780 | D:5      | 3780 ||| Stepping ~*~*~tactically~*~*~ (hiding).
  3791 | D:5      | HP: 7/39 [phantom (3)]
  3792 | D:5      | 3792 ||| READING 3 scrolls of teleportation.
  3794 | D:5      | HP: 2/39 [Prince Ribbit (5)]
  3795 | D:5      | Killed Prince Ribbit
  3795 | D:5      | Reached * piety under Okawaru
  3796 | D:5      | Reached skill level 6 in Axes
  3796 | D:5      | Reached XP level 7. HP: 3/44 MP: 7/7
  4114 | D:5      | 4114 ||| RIP SEWER
  4115 | D:5      | 4115 ||| PLANNING D:1-11
  4333 | D:5      | 4333 ||| READING scroll labelled IDIRRA LOMIWO.
  4334 | D:5      | 4334 ||| READING 2 scrolls of teleportation.
  4345 | D:5      | Reached skill level 1 in Invocations
  4360 | D:5      | 4360 ||| READING scroll of teleportation.
  4391 | D:5      | 4391 ||| Stepping randomly (stuck).
  4393 | D:5      | 4393 ||| Stepping randomly (stuck).
  4394 | D:5      | 4394 ||| Stepping randomly (stuck).
  4396 | D:5      | 4396 ||| Stepping randomly (stuck).
  4397 | D:5      | 4397 ||| Stepping randomly (stuck).
  4398 | D:5      | 4398 ||| Stepping randomly (stuck).
  4399 | D:5      | 4399 ||| Stepping randomly (stuck).
  4400 | D:5      | 4400 ||| Stepping randomly (stuck).
  4401 | D:5      | 4401 ||| Stepping randomly (stuck).
  4408 | D:5      | 4408 ||| Stepping randomly (stuck).
  4410 | D:5      | 4410 ||| Stepping randomly (stuck).
  4411 | D:5      | 4411 ||| Stepping randomly (stuck).
  4412 | D:5      | 4412 ||| Stepping randomly (stuck).
  4413 | D:5      | 4413 ||| Stepping randomly (stuck).
  4414 | D:5      | 4414 ||| Stepping randomly (stuck).
  4460 | D:5      | 4460 ||| INVOKING Heroism.
  4465 | D:5      | Reached ** piety under Okawaru
  4592 | D:5      | 4592 ||| UPGRADING to +0 helmet.
  4601 | D:5      | 4601 ||| READING scroll labelled JUEQOIGREP.
  4602 | D:5      | 4602 ||| READING scroll labelled TYFIMO ZONODAE.
  4603 | D:5      | 4603 ||| READING 2 scrolls of identify.
  4603 | D:5      | 4603 ||| IDENTIFYING coppery potion
  4604 | D:5      | 4604 ||| Stepping randomly (stuck).
  4606 | D:5      | 4606 ||| Stepping randomly (stuck).
  4608 | D:5      | 4608 ||| Stepping randomly (stuck).
  4612 | D:5      | 4612 ||| Stepping randomly (stuck).
  4613 | D:5      | 4613 ||| Stepping randomly (stuck).
  4615 | D:5      | 4615 ||| Stepping randomly (stuck).
  4617 | D:5      | 4617 ||| Stepping randomly (stuck).
  4618 | D:5      | 4618 ||| Stepping randomly (stuck).
  4620 | D:5      | 4620 ||| Stepping randomly (stuck).
  4622 | D:5      | 4622 ||| Stepping randomly (stuck).
  4624 | D:5      | 4624 ||| Stepping randomly (stuck).
  4625 | D:5      | 4625 ||| Stepping randomly (stuck).
  4627 | D:5      | 4627 ||| Stepping randomly (stuck).
  4629 | D:5      | 4629 ||| Stepping randomly (stuck).
  4631 | D:5      | 4631 ||| Stepping randomly (stuck).
  4633 | D:5      | 4633 ||| Stepping randomly (stuck).
  4635 | D:5      | 4635 ||| Stepping randomly (stuck).
  4637 | D:5      | 4637 ||| Stepping randomly (stuck).
  4639 | D:5      | 4639 ||| Stepping randomly (stuck).
  4641 | D:5      | 4641 ||| Stepping randomly (stuck).
  4643 | D:5      | 4643 ||| Stepping randomly (stuck).
  4644 | D:5      | 4644 ||| Stepping randomly (stuck).
  4645 | D:5      | 4645 ||| Stepping randomly (stuck).
  4647 | D:5      | 4647 ||| Stepping randomly (stuck).
  4648 | D:5      | 4648 ||| Stepping randomly (stuck).
  4649 | D:5      | 4649 ||| Stepping randomly (stuck).
  4651 | D:5      | 4651 ||| Stepping randomly (stuck).
  4653 | D:5      | 4653 ||| Stepping randomly (stuck).
  4655 | D:5      | 4655 ||| Stepping randomly (stuck).
  4656 | D:5      | 4656 ||| Stepping randomly (stuck).
  4657 | D:5      | 4657 ||| Stepping randomly (stuck).
  4658 | D:5      | 4658 ||| Stepping randomly (stuck).
  4660 | D:5      | 4660 ||| Stepping randomly (stuck).
  4662 | D:5      | 4662 ||| Stepping randomly (stuck).
  4664 | D:5      | 4664 ||| Stepping randomly (stuck).
  4666 | D:5      | 4666 ||| Stepping randomly (stuck).
  4667 | D:5      | 4667 ||| Stepping randomly (stuck).
  4668 | D:5      | 4668 ||| Stepping randomly (stuck).
  4669 | D:5      | 4669 ||| Stepping randomly (stuck).
  4670 | D:5      | 4670 ||| Stepping randomly (stuck).
  4671 | D:5      | 4671 ||| Stepping randomly (stuck).
  4672 | D:5      | 4672 ||| Stepping randomly (stuck).
  4673 | D:5      | 4673 ||| Stepping randomly (stuck).
  4674 | D:5      | 4674 ||| Stepping randomly (stuck).
  4675 | D:5      | 4675 ||| Stepping randomly (stuck).
  4676 | D:5      | 4676 ||| Stepping randomly (stuck).
  4677 | D:5      | 4677 ||| Stepping randomly (stuck).
  4678 | D:5      | 4678 ||| Stepping randomly (stuck).
  4679 | D:5      | 4679 ||| Stepping randomly (stuck).
  4680 | D:5      | 4680 ||| Stepping randomly (stuck).
  4681 | D:5      | 4681 ||| Stepping randomly (stuck).
  4682 | D:5      | 4682 ||| Stepping randomly (stuck).
  4683 | D:5      | 4683 ||| Stepping randomly (stuck).
  4684 | D:5      | 4684 ||| Stepping randomly (stuck).
  4685 | D:5      | 4685 ||| Stepping randomly (stuck).
  4686 | D:5      | 4686 ||| Stepping randomly (stuck).
  4687 | D:5      | 4687 ||| Stepping randomly (stuck).
  4688 | D:5      | 4688 ||| Stepping randomly (stuck).
  4689 | D:5      | 4689 ||| Stepping randomly (stuck).
  4690 | D:5      | 4690 ||| Stepping randomly (stuck).
  4691 | D:5      | 4691 ||| Stepping randomly (stuck).
  4692 | D:5      | 4692 ||| Stepping randomly (stuck).
  4693 | D:5      | 4693 ||| Stepping randomly (stuck).
  4694 | D:5      | 4694 ||| Stepping randomly (stuck).
  4695 | D:5      | 4695 ||| Stepping randomly (stuck).
  4696 | D:5      | 4696 ||| Stepping randomly (stuck).
  4697 | D:5      | 4697 ||| Stepping randomly (stuck).
  4698 | D:5      | 4698 ||| Stepping randomly (stuck).
  4699 | D:5      | 4699 ||| Stepping randomly (stuck).
  4700 | D:5      | 4700 ||| Stepping randomly (stuck).
  4701 | D:5      | 4701 ||| Stepping randomly (stuck).
  4702 | D:5      | 4702 ||| Stepping randomly (stuck).
  4703 | D:5      | 4703 ||| Stepping randomly (stuck).
  4704 | D:5      | 4704 ||| Stepping randomly (stuck).
  4705 | D:5      | 4705 ||| Stepping randomly (stuck).
  4706 | D:5      | 4706 ||| Stepping randomly (stuck).
  4707 | D:5      | 4707 ||| Stepping randomly (stuck).
  4708 | D:5      | 4708 ||| Stepping randomly (stuck).
  4709 | D:5      | 4709 ||| Stepping randomly (stuck).
  4953 | D:5      | Found a bloodstained altar of Trog.
  4962 | D:5      | Found a sacrificial altar of Ru.
  5002 | D:6      | Reached XP level 8. HP: 38/48 MP: 8/10
  5002 | D:6      | 5002 ||| STAIRDANCE
  5075 | D:6      | Reached skill level 7 in Axes
  5075 | D:6      | Reached skill level 3 in Invocations
  5087 | D:6      | 5087 ||| INVOKING Heroism.
  5202 | D:6      | Noticed Maggie
  5216 | D:6      | 5216 ||| INVOKING Heroism.
  5217 | D:6      | 5217 ||| INVOKING Heroism.
  5227 | D:6      | Killed Maggie
  5387 | D:6      | Noticed Eustachio
  5388 | D:6      | 5388 ||| INVOKING Heroism.
  5416 | D:6      | 5416 ||| INVOKING Heroism.
  5426 | D:6      | Killed Eustachio
  5427 | D:6      | Reached skill level 1 in Dodging
  5512 | D:6      | Found a shadowy altar of Dithmenos.
  5517 | D:6      | Found a blossoming altar of Fedhas.
  5521 | D:6      | Found a basalt altar of Yredelemnul.
  5609 | D:6      | 5609 ||| INVOKING Heroism.
  5624 | D:6      | 5624 ||| INVOKING Heroism.
  5635 | D:6      | Reached XP level 9. HP: 51/55 MP: 10/12
  5692 | D:6      | 5692 ||| INVOKING Heroism.
  5751 | D:6      | 5751 ||| Stepping ~*~*~tactically~*~*~ (hiding).
  5946 | D:6      | 5946 ||| READING 3 scrolls of enchant weapon.
  5946 | D:6      | 5946 ||| ENCHANTING +3 war axe.
  5947 | D:6      | 5947 ||| READING 2 scrolls of enchant weapon.
  5947 | D:6      | 5947 ||| ENCHANTING +4 war axe.
  5948 | D:6      | 5948 ||| READING scroll of enchant weapon.
  5948 | D:6      | 5948 ||| ENCHANTING +5 war axe.
  5961 | D:6      | 5961 ||| Stepping ~*~*~tactically~*~*~ (stealth).
  5982 | D:6      | Reached skill level 8 in Axes
  6069 | D:6      | Reached skill level 6 in Fighting
  6095 | D:6      | Reached skill level 1 in Throwing
  6114 | D:6      | Reached *** piety under Okawaru
  6323 | D:6      | 6323 ||| INVOKING Heroism.
  6485 | D:6      | 6485 ||| UPGRADING to +0 cloak.
  6490 | D:6      | 6490 ||| DRINKING 2 lumpy puce potions.
  6569 | D:7      | Found a glowing golden altar of the Shining One.
  6730 | D:7      | 6730 ||| INVOKING Heroism.
  6742 | D:7      | Reached skill level 6 in Armour
  6938 | D:7      | 6938 ||| INVOKING Heroism.
  6939 | D:7      | 6939 ||| Stepping ~*~*~tactically~*~*~ (stealth).
  6946 | D:7      | Reached skill level 9 in Axes
  6967 | D:7      | 6967 ||| Stepping ~*~*~tactically~*~*~ (stealth).
  7532 | D:8      | Reached XP level 10. HP: 55/63 MP: 13/13
  7540 | D:8      | 7540 ||| INVOKING Heroism.
  7717 | D:8      | 7717 ||| DROPPING +0 flail.
  7718 | D:8      | 7718 ||| DROPPING +3 flail.
  7746 | D:8      | 7746 ||| INVOKING Heroism.
  7791 | D:8      | 7791 ||| Stepping ~*~*~tactically~*~*~ (stealth).
  7809 | D:8      | Reached **** piety under Okawaru
  7810 | D:8      | Reached skill level 10 in Axes
  7960 | D:8      | 7960 ||| Stepping ~*~*~tactically~*~*~ (stealth).
  7963 | D:8      | 7963 ||| Stepping ~*~*~tactically~*~*~ (stealth).
  8014 | D:8      | 8014 ||| READING scroll of enchant weapon.
  8014 | D:8      | 8014 ||| ENCHANTING +6 war axe.
  8491 | D:8      | 8491 ||| UPGRADING to +0 pair of boots.
  8496 | D:8      | 8496 ||| READING 3 scrolls of identify.
  8496 | D:8      | 8496 ||| IDENTIFYING fuming grey potion
  8497 | D:8      | 8497 ||| READING 2 scrolls of identify.
  8497 | D:8      | 8497 ||| IDENTIFYING lumpy amethyst potion
  8498 | D:8      | 8498 ||| DROPPING potion of ambrosia.
  8499 | D:8      | 8499 ||| DROPPING potion of degeneration.
  8506 | D:9      | 8506 ||| INVOKING Heroism.
  8770 | D:9      | 8770 ||| Stepping ~*~*~tactically~*~*~ (stealth).
  8778 | D:9      | 8778 ||| INVOKING Heroism.
  8785 | D:9      | Reached skill level 6 in Invocations
  8806 | D:9      | 8806 ||| INVOKING Heroism.
  8939 | D:9      | Found a staircase to the Lair.
  8961 | D:9      | 8961 ||| Stepping ~*~*~tactically~*~*~ (stealth).
  8967 | D:9      | 8967 ||| Stepping ~*~*~tactically~*~*~ (stealth).
  8968 | D:9      | 8968 ||| Stepping ~*~*~tactically~*~*~ (stealth).
  8973 | D:9      | 8973 ||| INVOKING Heroism.
  9157 | D:9      | Found a white marble altar of Elyvilon.
  9230 | D:9      | 9230 ||| Stepping ~*~*~tactically~*~*~ (stealth).
  9231 | D:9      | 9231 ||| Stepping ~*~*~tactically~*~*~ (stealth).
  9235 | D:9      | 9235 ||| INVOKING Heroism.
  9301 | D:9      | Noticed Joseph
  9302 | D:9      | 9302 ||| Stepping ~*~*~tactically~*~*~ (hiding).
  9307 | D:9      | 9307 ||| Stepping ~*~*~tactically~*~*~ (stealth).
  9316 | D:9      | 9316 ||| INVOKING Heroism.
  9319 | D:9      | Killed Joseph
  9495 | D:9      | Found an ornate altar of the Wu Jian Council.
  9507 | D:9      | Found a hazy altar of Hepliaklqana.
  9685 | D:9      | Found Leuj's Weapon Emporium.
  9775 | D:9      | 9775 ||| PLANNING LAIR
  9775 | D:9      | 9775 ||| READING 2 scrolls labelled ZESMUE NACUNN.
  9775 | D:9      | Identified 2 scrolls of acquirement
  9775 | D:9      | 9775 ||| ACQUIRING ring of Sophism {rF+ EV+4}
  9775 | D:9      | Acquired the ring of Sophism {rF+ EV+4}
  9777 | D:9      | 9777 ||| UPGRADING to ring of Sophism {rF+ EV+4}.
  9779 | D:9      | 9779 ||| READING scroll of acquirement.
  9779 | D:9      | 9779 ||| ACQUIRING ring "Hyfyresch" {Ice +Blink rN+ Str-4
                  | Dex+3}
  9779 | D:9      | Acquired the ring "Hyfyresch" {Ice +Blink rN+ Str-4 Dex+3}
  9781 | D:9      | 9781 ||| DROPPING ring of protection from fire.
  9782 | D:9      | 9782 ||| READING scroll labelled BETTOPA YCLENIOSH.
  9783 | D:9      | 9783 ||| READING 3 scrolls of identify.
  9783 | D:9      | 9783 ||| IDENTIFYING brown potion
  9784 | D:9      | 9784 ||| READING 2 scrolls of identify.
  9784 | D:9      | 9784 ||| IDENTIFYING black potion
  9785 | D:9      | 9785 ||| DROPPING potion of brilliance.
  9786 | D:9      | 9786 ||| DROPPING potion of invisibility.
  9809 | Lair:1   | Entered Level 1 of the Lair of Beasts
  9818 | Lair:1   | Received a gift from Okawaru
  9918 | Lair:1   | Reached XP level 11. HP: 68/68 MP: 16/16
  9949 | Lair:1   | 9949 ||| Stepping ~*~*~tactically~*~*~ (stealth).
  9957 | Lair:1   | 9957 ||| Stepping ~*~*~tactically~*~*~ (stealth).
  9960 | Lair:1   | 9960 ||| Stepping ~*~*~tactically~*~*~ (stealth).
 10040 | Lair:1   | 10040 ||| INVOKING Heroism.
 10048 | Lair:1   | Reached ***** piety under Okawaru
 10065 | Lair:1   | Identified the +10 sling "Peomihor" {freeze, SInv} (Okawaru
                  | gifted it to you on level 1 of the Lair of Beasts)
 10065 | Lair:1   | Received a gift from Okawaru
 10067 | Lair:1   | Reached skill level 9 in Invocations
 10459 | Lair:1   | 10459 ||| INVOKING Heroism.
 10472 | Lair:1   | 10472 ||| Stepping ~*~*~tactically~*~*~ (stealth).
 10523 | Lair:1   | 10523 ||| INVOKING Heroism.
 10550 | Lair:1   | Reached skill level 11 in Axes
 10792 | Lair:1   | 10792 ||| INVOKING Heroism.
 10815 | Lair:1   | Received a gift from Okawaru
 10825 | Lair:1   | Reached skill level 9 in Fighting
 11296 | Lair:1   | 11296 ||| DROPPING +2 hat.
 11297 | Lair:1   | 11297 ||| DROPPING ring "Hyfyresch" {Ice +Blink rN+ Str-4
                  | Dex+3}.
 11298 | Lair:1   | 11298 ||| UPGRADING to ring of protection from cold.
 11300 | Lair:1   | 11300 ||| READING scroll labelled RIZXYO YKLYEL.
 11370 | Lair:1   | 11370 ||| DRINKING 3 dark potions.
 11371 | Lair:1   | 11371 ||| READING 2 scrolls of identify.
 11371 | Lair:1   | 11371 ||| IDENTIFYING sapphire potion
 11514 | Lair:2   | 11514 ||| Stepping ~*~*~tactically~*~*~ (stealth).
 11550 | Lair:2   | 11550 ||| Stepping ~*~*~tactically~*~*~ (stealth).
 11561 | Lair:2   | 11561 ||| INVOKING Heroism.
 11572 | Lair:2   | Received a gift from Okawaru
 11573 | Lair:2   | Reached XP level 12. HP: 69/76 MP: 17/19
 11695 | Lair:2   | 11695 ||| INVOKING Heroism.
 11699 | Lair:2   | Reached skill level 3 in Throwing
 11750 | Lair:2   | Noticed a four-headed hydra
 11751 | Lair:2   | 11751 ||| INVOKING Finesse.
 11756 | Lair:2   | 11756 ||| INVOKING Heroism.
 11757 | Lair:2   | 11757 ||| SWAPPING to +5 flail.
 11765 | Lair:2   | Killed a four-headed hydra
 11766 | Lair:2   | Reached skill level 9 in Armour
 11766 | Lair:2   | 11766 ||| SWAPPING to +7 war axe.
 12330 | Lair:2   | 12330 ||| UPGRADING to +3 chain mail of fire resistance.
 12340 | Lair:2   | 12340 ||| READING scroll labelled ICEROE XOACEIM.
 12341 | Lair:2   | 12341 ||| DRINKING 2 lumpy golden potions.
 12393 | Lair:2   | 12393 ||| READING 2 scrolls of identify.
 12393 | Lair:2   | 12393 ||| IDENTIFYING sedimented brown potion
 12394 | Lair:2   | 12394 ||| DROPPING potion of berserk rage.
 12563 | Lair:3   | Reached skill level 12 in Axes
 12669 | Lair:3   | Found a hole to the Spider Nest.
 12707 | Lair:3   | 12707 ||| INVOKING Heroism.
 12747 | Lair:3   | 12747 ||| Stepping ~*~*~tactically~*~*~ (stealth).
 12749 | Lair:3   | 12749 ||| INVOKING Heroism.
 12754 | Lair:3   | 12754 ||| Stepping ~*~*~tactically~*~*~ (stealth).
 12778 | Lair:3   | Reached skill level 6 in Shields
 12835 | Lair:3   | 12835 ||| FLEEEEING.
 12836 | Lair:3   | 12836 ||| FLEEEEING.
 12837 | Lair:3   | 12837 ||| FLEEEEING.
 12838 | Lair:3   | 12838 ||| FLEEEEING.
 12839 | Lair:3   | 12839 ||| FLEEEEING.
 12841 | Lair:3   | 12841 ||| FLEEEEING.
 12844 | Lair:3   | 12844 ||| INVOKING Heroism.
 12912 | Lair:3   | 12912 ||| READING 2 scrolls of enchant armour.
 12912 | Lair:3   | 12912 ||| ENCHANTING +0 pair of gloves.
 12913 | Lair:3   | 12913 ||| READING scroll of enchant armour.
 12913 | Lair:3   | 12913 ||| ENCHANTING +1 pair of gloves.
 12944 | Lair:3   | 12944 ||| Stepping ~*~*~tactically~*~*~ (stealth).
 13034 | Lair:3   | 13034 ||| Stepping ~*~*~tactically~*~*~ (hiding).
 13035 | Lair:3   | 13035 ||| Stepping ~*~*~tactically~*~*~ (hiding).
 13091 | Lair:3   | Found a staircase to the Shoals.
 13308 | Lair:3   | Noticed a seven-headed hydra
 13309 | Lair:3   | 13309 ||| INVOKING Heroism.
 13310 | Lair:3   | 13310 ||| SWAPPING to +5 flail.
 13311 | Lair:3   | 13311 ||| INVOKING Finesse.
 13317 | Lair:3   | Killed a seven-headed hydra
 13318 | Lair:3   | 13318 ||| SWAPPING to +7 war axe of protection.
 13320 | Lair:3   | Received a gift from Okawaru
 13437 | Lair:3   | Found a runed translucent door.
 13554 | Lair:3   | 13554 ||| Stepping ~*~*~tactically~*~*~ (hiding).
 13684 | Lair:3   | 13684 ||| UPGRADING to scarf of repulsion.
 13694 | Lair:3   | 13694 ||| READING scroll labelled ZONWOSAURAM.
 13942 | Lair:4   | 13942 ||| INVOKING Heroism.
 13960 | Lair:4   | Reached skill level 13 in Axes
 14012 | Lair:4   | Reached XP level 13. HP: 74/82 MP: 20/20
 14073 | Lair:4   | 14073 ||| Stepping ~*~*~tactically~*~*~ (stealth).
 14107 | Lair:4   | Received a gift from Okawaru
 14163 | Lair:4   | 14163 ||| INVOKING Heroism.
 14186 | Lair:4   | Reached skill level 14 in Axes
 15156 | Lair:5   | Entered Level 5 of the Lair of Beasts
 15157 | Lair:5   | 15157 ||| Stepping ~*~*~tactically~*~*~ (hiding).
 15160 | Lair:5   | 15160 ||| INVOKING Heroism.
 15169 | Lair:5   | 15169 ||| Stepping ~*~*~tactically~*~*~ (stealth).
 15181 | Lair:5   | 15181 ||| Stepping ~*~*~tactically~*~*~ (stealth).
 15202 | Lair:5   | 15202 ||| Stepping ~*~*~tactically~*~*~ (stealth).
 15204 | Lair:5   | 15204 ||| Stepping ~*~*~tactically~*~*~ (hiding).
 15216 | Lair:5   | 15216 ||| Stepping ~*~*~tactically~*~*~ (hiding).
 15218 | Lair:5   | 15218 ||| Stepping ~*~*~tactically~*~*~ (hiding).
 15222 | Lair:5   | 15222 ||| INVOKING Heroism.
 15270 | Lair:5   | 15270 ||| Stepping ~*~*~tactically~*~*~ (hiding).
 15271 | Lair:5   | 15271 ||| Stepping ~*~*~tactically~*~*~ (stealth).
 15278 | Lair:5   | 15278 ||| INVOKING Heroism.
 15286 | Lair:5   | 15286 ||| Stepping ~*~*~tactically~*~*~ (water).
 15403 | Lair:5   | 15403 ||| INVOKING Heroism.
 15421 | Lair:5   | 15421 ||| Stepping ~*~*~tactically~*~*~ (water).
 15429 | Lair:5   | Noticed a fire dragon
 15430 | Lair:5   | 15430 ||| INVOKING Finesse.
 15471 | Lair:5   | Killed a fire dragon
 15776 | Lair:5   | 15776 ||| Stepping ~*~*~tactically~*~*~ (hiding).
 15777 | Lair:5   | 15777 ||| Stepping ~*~*~tactically~*~*~ (hiding).
 15779 | Lair:5   | 15779 ||| INVOKING Heroism.
 15812 | Lair:5   | 15812 ||| Stepping ~*~*~tactically~*~*~ (stealth).
 15813 | Lair:5   | 15813 ||| Stepping ~*~*~tactically~*~*~ (stealth).
 15814 | Lair:5   | 15814 ||| Stepping ~*~*~tactically~*~*~ (stealth).
 15815 | Lair:5   | 15815 ||| Stepping ~*~*~tactically~*~*~ (stealth).
 15834 | Lair:5   | 15834 ||| Stepping ~*~*~tactically~*~*~ (stealth).
 15836 | Lair:5   | 15836 ||| Stepping ~*~*~tactically~*~*~ (stealth).
 15844 | Lair:5   | 15844 ||| Stepping ~*~*~tactically~*~*~ (stealth).
 15866 | Lair:5   | 15866 ||| INVOKING Heroism.
 15867 | Lair:5   | 15867 ||| INVOKING Finesse.
 15869 | Lair:5   | Noticed a dire elephant
 15909 | Lair:5   | HP: 20/84 [dire elephant (19)]
 15910 | Lair:5   | 15910 ||| READING 2 scrolls of teleportation.
 15910 | Lair:5   | Slain by a dire elephant

Levels and vault maps discovered:
D:1:      dpeg_arrival_tiny_a, layout_basic, minmay_tetromino_i2
D:2:      layout_basic
D:3:      layout_basic, dreamdust_ecumenical_altar_statues
D:4:      layout_loops_corners, mainiacjoe_overflow_concentric_impassable,
          eat_drink_and_be_merry_uskayaw, minmay_temple_entry_glass,
          gammafunk_ghost_smash, minivault_25
D:5:      layout_loops_ring, mainiacjoe_overflow_swirl, gup_sewer_entry_glass,
          hangedman_decor_push, uniq_prince_ribbit1
D:6:      layout_basic, minmay_overflow_temple_star_quad, st_stairs_7,
          grunt_decor_resistance, uniq_maggie, uniq_eustachio
D:7:      layout_basic, kennysheep_little_box
D:8:      layout_basic
D:9:      layout_roguey, nicolae_elyvilon_peaceful_grove,
          amethyst_overflow_temple_binary, lair_entry_dummy, serial_shops,
          kennysheep_mini_moat, dreamdust_gnoll_shepherd, uniq_joseph
Lair:1:   layout_layer_cave, serial_bayou_pond_c
Lair:2:   layout_regular_city
Lair:3:   gammafunk_lair_enchanted_lake, layout_regular_city,
          elwin_shoals_entry_stream, dummy_spider_entry
Lair:4:   beast_lair_carwin_large_4, layout_layer_cave,
          chequers_serial_rivers_small_b, grunt_megastairs_5,
          infiniplex_staircase_pool, lemuel_fruit_tree
Lair:5:   guppyfry_lair_end_dragon, layout_small_grid, hangedman_lair_in_review,
          slime_entry_2

Skill      XL: |  1  2  3  4  5  6  7  8  9 10 11 12 13 |
---------------+----------------------------------------+-----
Axes           | 2 3 4 5 6 7 9 10 11 13 14 | 14.5
Fighting       | 4 5 7 8 9 10 11 | 11.0
Invocations    | 2 4 7 10 | 10.0
Armour         | 4 5 6 8 9 |  9.0
Dodging        | 1 2 |  2.1
Throwing       | 1 2 3 4 |  4.1
Shields        | 4 5 6 7 |  7.1

Action                   |  1- 3 |  4- 6 |  7- 9 | 10-12 | 13-15 || total
-------------------------+-------+-------+-------+-------+-------++-------
Melee: War axe           |   109 |   113 |   265 |   461 |   237 ||  1185
       Flail             |       |       |       |    13 |       ||    13
Throw: Boomerang         |       |       |    20 |    99 |    23 ||   142
       Javelin           |       |       |       |    14 |     9 ||    23
Invok: Heroism           |       |       |    11 |    20 |     7 ||    38
       Finesse           |       |       |       |     2 |     2 ||     4
  Use: Scroll            |     9 |     3 |     9 |    15 |     1 ||    37
       Potion            |       |       |     1 |     2 |       ||     3
 Stab: Petrifying        |       |       |       |       |     1 ||     1
Armor: Scale mail        |    59 |       |       |       |       ||    59
       Plate armour      |     3 |   119 |   175 |   144 |       ||   441
       Chain mail        |       |       |       |    71 |    95 ||   166
Dodge: Dodged            |    50 |    47 |    82 |   248 |    94 ||   521
       Repelled          |       |       |       |       |     2 ||     2
Block: Buckler           |    19 |    40 |    54 |   103 |    44 ||   260

Table legend:
 A = Non-vault XP
 B = Vault XP
 C = Vault XP percentage of total XP
 D = Non-vault monster count
 E = Vault monster count
 F = Vault count percentage of total count
                 A         B        C        D         E       F
            +---------+---------+-------+---------+---------+-------
      Total |   26109 |   22521 |  46.3 |     250 |      68 |  21.4
            +---------+---------+-------+---------+---------+-------
        D:1 |      46 |       1 |   2.1 |      27 |       1 |   3.6
        D:2 |      16 |       0 |   0.0 |       9 |       0 |   0.0
        D:3 |      79 |       0 |   0.0 |      18 |       0 |   0.0
        D:4 |     143 |       0 |   0.0 |      20 |       0 |   0.0
        D:5 |     577 |     302 |  34.4 |      13 |       5 |  27.8
        D:6 |    1517 |     770 |  33.7 |      20 |       4 |  16.7
        D:7 |    1077 |       0 |   0.0 |      17 |       0 |   0.0
        D:8 |    1462 |       0 |   0.0 |      18 |       0 |   0.0
        D:9 |    1619 |    1266 |  43.9 |      20 |       5 |  20.0
     Lair:1 |    8598 |       0 |   0.0 |      43 |       0 |   0.0
     Lair:2 |    4002 |       0 |   0.0 |      17 |       0 |   0.0
     Lair:3 |    4223 |    3440 |  44.9 |      18 |       7 |  28.0
     Lair:4 |    2395 |    6158 |  72.0 |       9 |      13 |  59.1
     Lair:5 |     355 |   10584 |  96.8 |       1 |      33 |  97.1
            +---------+---------+-------+---------+---------+-------
